 Dungeon Crawl Stone Soup version 0.29.1-1-gd02db6906a (webtiles) character file.

Game seed: 18066742612248908174

2510 Zeld the Cleaver (level 9, -2/121 HPs)
             Began as a Minotaur Berserker on Oct 9, 2022.
             Was an Elder of Trog.
             Slain by a black bear (4 damage)
             ... on level 7 of the Dungeon.
             The game lasted 00:07:09 (7020 turns).

Zeld the Cleaver (Minotaur Berserker)               Turns: 7020, Time: 00:07:10

Health: -2/121     AC: 16    Str: 27    XL:     9   Next: 28%
Magic:  8/8        EV:  7    Int:  4    God:    Trog [****..]
Gold:   106        SH:  6    Dex:  9    Spells: 8/8 levels left

rFire   . . .      SeeInvis +   a - +0 hand axe (venom)
rCold   . . .      Faith    .   q - +0 kite shield
rNeg    . . .      Spirit   .   b - +0 plate armour
rPois   .          Reflect  .   (helmet restricted)
rElec   .          Harm     .   x - +0 cloak
rCorr   .          Rampage  .   t - +0 pair of gloves
Will    .....                   (no boots)
Stlth   ..........              (no amulet)
HPRegen 0.30/turn               y - ring of see invisible
MPRegen 0.11/turn               A - ring of flight

@: berserking, flying, very quick
A: horns 2, retaliatory headbutt
a: Renounce Religion, Berserk, Trog's Hand, Brothers in Arms


You were on level 7 of the Dungeon.
You worshipped Trog.
Trog was greatly pleased with you.
You visited 2 branches of the dungeon, and saw 8 of its levels.

You collected 304 gold pieces.
You spent 198 gold pieces at shops.

Inventory:

Hand Weapons
 a - a +0 hand axe of venom (weapon)
Missiles
 g - 6 silver javelins
 i - 14 poisoned darts
 v - 7 javelins
 B - 4 boomerangs
Armour
 b - a +0 plate armour (worn)
 q - a +0 kite shield (worn)
 t - a +0 pair of gloves (worn)
 x - a +0 cloak (worn)
Jewellery
 y - a ring of see invisible (left hand)
 A - a ring of flight (right hand)
 E - a ring of protection from fire
Wands
 n - a wand of flame (16)
Scrolls
 c - 2 scrolls of magic mapping {unknown}
 f - 5 scrolls of identify {unknown}
 h - a scroll of blinking {unknown}
 j - 2 scrolls of fog {unknown}
 k - 7 scrolls of teleportation {unknown}
 m - 4 scrolls of poison {unknown}
 o - 2 scrolls of enchant weapon {unknown}
 p - a scroll of vulnerability {unknown}
 r - 2 scrolls of noise {unknown}
 F - a scroll of fear {unknown}
Potions
 d - 2 potions of haste
 e - 4 potions of curing {unknown}
 l - a potion of lignification {unknown}
 s - 2 potions of heal wounds {unknown}
 u - a potion of mutation {unknown}
 w - a potion of cancellation {unknown}
 z - a potion of attraction {unknown}
 C - a potion of degeneration {unknown}
 D - 2 potions of flight {unknown}


   Skills:
 + Level 8.1 Fighting
 * Level 9.3 Axes
 + Level 7.5 Armour
 + Level 6.9 Dodging


You had 8 spell levels left.
You didn't know any spells.
Your spell library was empty.

Dungeon Overview and Level Annotations

Branches:
Dungeon (7/15)             Temple (1/1) D:6

Altars:
Ashenzari
Cheibriados
Dithmenos
Elyvilon
Fedhas
Gozag
Makhleb
Nemelex Xobeh
Qazlal
Ru
Sif Muna
Trog
Uskayaw
Vehumet
Wu Jian
Xom
Yredelemnul
The Shining One

Shops:
D:4 [


Innate Abilities, Weirdness & Mutations

You have a pair of horns on your head.
You reflexively headbutt those who attack you in melee.


Message History

The sky beast hits you but does no damage.
Unknown command.
Unknown command.
You hit the orc warrior.
The orc warrior looks as sick as possible!
The orc warrior is almost dead.
You closely miss the orc wizard. You closely miss the sky beast.
Unknown command.
Unknown command.
You barely miss the orc warrior.
The orc warrior is almost dead.
You closely miss the orc wizard. You hit the sky beast.
The sky beast looks as sick as possible!
You block the orc warrior's attack.
The orc wizard hits you but does no damage.
The sky beast hits you but does no damage.
Unknown command.
You barely miss the sky beast. Your headbutt misses the sky beast.
The sky beast is almost dead.
You miss the orc wizard. You barely miss the orc warrior.
You block the orc warrior's attack.
The orc wizard hits you but does no damage.
The sky beast flickers out of sight for a moment.
The sky beast hits you but does no damage.
Unknown command.
You slash the sky beast!
You feel the power of Trog in you as your rage grows.
You kill the sky beast!
Trog accepts your kill.
You slash the orc wizard! You hit the orc warrior.
You kill the orc warrior!
Trog accepts your kill.
You hear a splash. x2
Unknown command.
Unknown command.
Found a grey potion.
The orc priest hits you with a +0 flail.
* * * LOW HITPOINT WARNING * * *
The black bear bites you.
You die...

..)).# .......
............
..###............... ###
..# ..............##...
##. ..#...#............
## .#...#............ .#
.#................ ..
......)h........ .$..
......)o@o...... ....
......).##!....# .....
........###############
...<.
......................#
...#
#+###.#.................#
...#
#.###.#.................#
...#
........................#
...#
#.......................#
...#
#.............#.........#


You could see a black bear, an orc priest (poisoned) and an orc wizard
(invisible).

Vanquished Creatures
  The ghost of fireball365 the Digger, an amateur DgEE (D:3)
  Edmund (D:4)
  Duvessa (D:4)
  A water moccasin (D:7)
  An orc warrior (D:7)
  2 black bears
  2 ogres
  A sky beast (D:7)
  2 phantoms
  Blork the orc (D:4)
  2 bullfrogs
  2 necrophages (D:6)
  2 scorpions
  Dowan (D:4)
  A howler monkey (D:3)
  A quasit (D:6)
  A jelly (D:6)
  4 orc priests
  4 hounds
  4 iguanas
  Natasha (thrice) (D:2)
  6 orc wizards
  4 gnolls (D:7)
  7 adders
  2 shadow imps (D:6)
  2 white imps (D:6)
  3 ufetubi
  2 worms
  A dart slug (D:2)
  15 orcs
  3 bats (D:1)
  7 endoplasms
  2 giant cockroaches
  13 goblins
  8 hobgoblins
  5 quokkas
  5 ball pythons
  3 frilled lizards
  2 kobolds
  8 rats
136 creatures vanquished.

Notes
Turn   | Place    | Note
-------+----------+-------------------------------------------
     0 | D:1      | Zeld the Minotaur Berserker began the quest for the Orb.
     0 | D:1      | Reached XP level 1. HP: 19/19 MP: 0/0
   250 | D:1      | Reached XP level 2. HP: 27/27 MP: 1/1
   960 | D:2      | Reached skill level 4 in Axes
  1086 | D:2      | Reached XP level 3. HP: 15/33 MP: 2/2
  1258 | D:2      | Identified the ring "Ifryn" {Wiz rPois}
  1535 | D:2      | Noticed Natasha
  1541 | D:2      | Killed Natasha
  1542 | D:2      | Reached XP level 4. HP: 38/40 MP: 3/3
  1543 | D:2      | Reached ** piety under Trog
  1646 | D:2      | Noticed Natasha
  1656 | D:2      | Killed Natasha
  1763 | D:2      | Noticed Natasha
  1769 | D:2      | Killed Natasha
  1919 | D:3      | Reached XP level 5. HP: 41/47 MP: 4/4
  2236 | D:3      | Noticed fireball365's ghost (amateur DgEE)
  2239 | D:3      | Found a runed translucent door.
  2257 | D:3      | Identified the +0 leather armour "Neezoen" {rN+}
  2473 | D:3      | Noticed a phantom
  2483 | D:3      | Killed a phantom
  2484 | D:3      | Reached skill level 5 in Fighting
  2484 | D:3      | Reached skill level 5 in Axes
  2484 | D:3      | Reached XP level 6. HP: 41/56 MP: 5/5
  2769 | D:3      | Killed fireball365's ghost
  2900 | D:4      | Noticed Blork the orc
  2909 | D:4      | Killed Blork the orc
  3015 | D:4      | Found a basalt altar of Yredelemnul.
  3028 | D:4      | Reached skill level 5 in Armour
  3028 | D:4      | Reached XP level 7. HP: 27/62 MP: 6/6
  3517 | D:4      | Noticed Duvessa
  3517 | D:4      | Noticed Dowan
  3525 | D:4      | Killed Dowan
  3533 | D:4      | Killed Duvessa
  3534 | D:4      | Reached skill level 6 in Axes
  3694 | D:4      | Noticed Edmund
  3709 | D:4      | Killed Edmund
  3710 | D:4      | Reached skill level 5 in Dodging
  4336 | D:4      | Reached *** piety under Trog
  4337 | D:4      | Reached XP level 8. HP: 45/71 MP: 7/7
  4650 | D:4      | Found Wela Gog's Antique Armour Emporium.
  4654 | D:4      | Bought a cloak for 99 gold pieces
  4654 | D:4      | Bought a kite shield for 99 gold pieces
  4868 | D:5      | Entered Level 5 of the Dungeon
  4926 | D:5      | Reached skill level 7 in Axes
  5955 | D:6      | Reached skill level 8 in Axes
  6039 | D:6      | Found a staircase to the Ecumenical Temple.
  6166 | Temple   | Entered the Ecumenical Temple
  6442 | D:6      | Found a white marble altar of Elyvilon.
  6779 | D:7      | Reached **** piety under Trog
  6830 | D:7      | Reached XP level 9. HP: 67/81 MP: 8/8
  6940 | D:7      | Found a shimmering altar of Xom.
  6973 | D:7      | Reached skill level 9 in Axes
  7012 | D:7      | HP: 3/121 [orc priest/divine providence (15)]
  7020 | D:7      | HP: 2/121 [orc priest/+0 flail (3)]
  7020 | D:7      | Slain by a black bear

Illustrated notes

Levels and vault maps discovered:
D:1:      ncdulo_watergridlock, layout_basic
D:2:      layout_rooms, uniq_natasha
D:3:      layout_basic, hellmonk_ghost_happy_afterlife, solitary_fountain,
          grunt_decor_arrowhead, hangedman_decor_lopped, minmay_pentomino_pile
D:4:      layout_loops_ring, lemuel_round_altar, serial_glass, glass_columns_a,
          glass_columns_a, serial_shops, shop, minivault_1, uniq_edmund,
          uniq_duvessa, uniq_blork_the_orc
D:5:      layout_loops_ring, minivault_27
D:6:      layout_loops_ring, lemuel_round_altar, temple_statues, serial_demonic,
          serial_demonic_c, serial_demonic_a, serial_demonic_e, serial_demonic_a
D:7:      layout_basic, xom_teletrap_fun, serial_shops, nicolae_take_the_stairs,
          nicolae_ossuary_entry_false_entrances
Temple:   minmay_freezing_vapour_temple

Skill      XL: |  1  2  3  4  5  6  7  8  9 |
---------------+----------------------------+-----
Axes           | 4 5 6 8 9 |  9.3
Fighting       | 4 5 6 7 8 |  8.1
Armour         | 3 4 5 6 7 |  7.5
Dodging        | 3 4 5 6 |  6.9

Action                   |  1- 3 |  4- 6 |  7- 9 || total
-------------------------+-------+-------+-------++-------
Melee: Hand axe          |    50 |   110 |   263 ||   423
       Headbutt          |     7 |    17 |    43 ||    67
Invok: Berserk           |       |       |     2 ||     2
Armor: Animal skin       |     4 |       |       ||     4
       Plate armour      |     8 |    56 |   184 ||   248
Dodge: Dodged            |    39 |    33 |    96 ||   168
Block: Kite shield       |       |       |    65 ||    65
